 Dungeon Crawl Stone Soup version 0.27-a0-1590-g15f69828bf (webtiles) character file.

Game seed: 4456399329664432349

366 lightspider the Skirmisher (level 6, -7/57 HPs)
             Began as a Hill Orc Fighter on July 18, 2021.
             Was a Follower of Beogh.
             Killed by divine providence
             ... invoked by an orc priest
              (11 damage)
             ... on level 4 of the Dungeon.
             The game lasted 00:08:41 (4042 turns).

lightspider the Skirmisher (Hill Orc Fighter)       Turns: 4042, Time: 00:08:41

Health: -7/57      AC:  8    Str: 21    XL:     6   Next: 68%
Magic:  6/6        EV:  7    Int:  8    God:    Beogh [*.....]
Gold:   173        SH:  9    Dex: 10    Spells: 5/5 levels left

rFire    . . .     SeeInvis .   a - +0 long sword
rCold    . . .     Faith    .   c - +0 kite shield
rNeg     . . .     Spirit   .   b - +1 scale mail
rPois    .         Reflect  .   (no helmet)
rElec    .         Harm     .   (no cloak)
rCorr    .         Rampage  .   (no gloves)
Will     .....                  (no boots)
Stlth    ..........             (no amulet)
HPRegen  0.19/turn              (no ring)
MPRegen  0.10/turn              (no ring)

@: no status effects
A: no striking features
a: Renounce Religion


You were on level 4 of the Dungeon.
You worshipped Beogh.
Beogh was aware of your devotion.
You visited 1 branch of the dungeon, and saw 4 of its levels.

You collected 173 gold pieces.

Inventory:

Hand Weapons
 a - a +0 long sword (weapon)
Missiles
 e - a throwing net (quivered)
Armour
 b - a +1 scale mail (worn)
 c - a +0 kite shield (worn)
 j - a +3 leather armour
Jewellery
 g - an amulet of faith
 k - a +6 ring of dexterity
Scrolls
 n - a scroll of silence {unknown}
Potions
 d - a potion of resistance {unknown}
 f - a potion of curing {unknown}
 h - a potion of flight {unknown}
 i - a potion of invisibility {unknown}
 l - 2 potions of heal wounds {unknown}
 m - a potion of magic {unknown}


   Skills:
 + Level 5.8 Fighting
 + Level 4.6 Long Blades
 + Level 5.3 Armour
 - Level 3.2 Shields


You had 5 spell levels left.
You didn't know any spells.
Your spell library contained the following spells:

 Spells                   Type           Power      Damage    Failure   Level
 Animate Skeleton         Necr           0%         N/A       99%         1
 Pain                     Necr           0%         1d4       99%         1
 Sandblast                Erth           0%         2d4       99%         1
 Passwall                 Tmut/Erth      0%         N/A       100%        2
 Ignite Poison            Fire/Tmut/Pois 0%         N/A       100%        3
 Mephitic Cloud           Conj/Pois/Air  0%         N/A       100%        3
 Stone Arrow              Conj/Erth      0%         3d7       100%        3
 Vampiric Draining        Necr           0%         2d6       100%        3
 Animate Armour           Summ/Erth      0%         N/A       100%        4
 Bolt of Magma            Conj/Fire/Erth 0%         4d4       100%        5
 Lee's Rapid Deconstruct  Erth           0%         3d5*      100%        5
 Lehudib's Crystal Spear  Conj/Erth      0%         10d2      100%        8


Dungeon Overview and Level Annotations

Branches:
Dungeon (4/15)             Temple (0/1) D:4

Altars:
Okawaru
Ru

Shops:
D:1 =[*[[   D:3 (??


Message History

The orc priest calls down the wrath of Beogh upon you.
Pain shoots through your body!
You hit the orc priest but do no damage.
The orc priest is almost dead.
The orc priest hits you but does no damage.
You block the orc priest's attack.
You closely miss the orc priest.
The orc priest is almost dead.
You block the orc priest's attack.
You hit the orc priest but do no damage.
The orc priest is almost dead.
The orc priest hits you with a +1 dagger of electrocution.
* * * LOW HITPOINT WARNING * * *
You barely miss the orc priest.
The orc priest is almost dead.
The orc priest hits you with a +1 dagger of electrocution.
* * * LOW HITPOINT WARNING * * *
The orc priest barely misses you.
Your shield prevents you from hitting the orc priest.
The orc priest is almost dead.
The orc priest invokes the aid of Beogh against you.
Beogh smites you!
* * * LOW HITPOINT WARNING * * *
Okay, then.
Okay, then.
Okay, then.
Unknown command.
You are a level 6 Hill Orc Fighter.
You are 68% of the way to level 7.
Play time: 00:08:37 (4041 turns).
Zot will find you in 19835 turns if you stay in this branch and explore no new floors.
You closely miss the orc priest.
The orc priest is almost dead.
You block the orc priest's attack.
The orc priest looks satisfied for a moment.
You hit the orc priest but do no damage.
The orc priest is almost dead.
The orc priest invokes the aid of Beogh against you.
Beogh smites you!
You die...
Beogh appreciates the orc priest's killing of a heretic priest.

********,,,,,,..
*#+###+#.
******#*#.....#.
*,,,,..,#.≈≈≈.#.
*,,,...,#.§§.§#.
*,,....,+.._..'.
*,.....,#.....#.
####....(.,#.≈≈≈(#.
#.@o:.....,#.....##
#.##......,#+###'##
#.#**#####**+*,#.##
#)# *****,*,#.##
#.# *,,,,,*,#.##
#.# *,*****,#.##
#.# *,* *,#.## #.#
*,* *,#.## #.#
*,*****,#.#


You could see an orc priest.

Vanquished Creatures
  A necrophage (D:4)
  A phantom (D:4)
  A jelly (D:4)
  A centaur skeleton (D:4)
  An orc wizard (D:4)
  3 adders
  A worm (D:4)
  3 dart slugs
  9 orcs
  9 ball pythons
  4 endoplasms
  4 giant cockroaches
  3 goblins
  6 hobgoblins
  4 jackals (D:2)
  5 quokkas
  2 bats (D:2)
  16 frilled lizards
  3 kobolds
  A rat (D:1)
78 creatures vanquished.

Vanquished Creatures (others)
  A ball python (D:3)
  8 plants (D:3)
9 creatures vanquished.

Grand Total: 87 creatures vanquished

Notes
Turn   | Place    | Note
-------+----------+-------------------------------------------
     0 | D:1      | lightspider the Hill Orc Fighter began the quest for the
                  | Orb.
     0 | D:1      | Reached XP level 1. HP: 19/19 MP: 1/1
    39 | D:1      | Found Cosisk's Antique Armour Boutique.
    87 | D:1      | Found Maittoix's General Store.
   184 | D:1      | Found a faded altar of an unknown god.
   187 | D:1      | Reached XP level 2. HP: 27/27 MP: 2/2
   220 | D:1      | Found Qiegil's Antique Armour Emporium.
   422 | D:1      | Found Waolaot's Jewellery Shoppe.
   620 | D:1      | Found Sufav's Antique Armour Shop.
  1285 | D:2      | Reached XP level 3. HP: 33/33 MP: 3/3
  1896 | D:2      | Reached XP level 4. HP: 40/41 MP: 4/4
  2477 | D:3      | Found Ecziush's Magic Scroll Shop.
  2592 | D:3      | Found an iron altar of Okawaru.
  2613 | D:3      | Found Cuxo's Antique Weapon Shoppe.
  2732 | D:3      | Became a worshipper of Beogh the Brigand
  2780 | D:3      | Found Lokkaoge's Magic Scroll Shop.
  3478 | D:4      | Noticed a phantom
  3491 | D:4      | Killed a phantom
  3492 | D:4      | Reached skill level 5 in Fighting
  3492 | D:4      | Reached XP level 5. HP: 42/48 MP: 5/5
  3513 | D:4      | Noticed a necrophage
  3519 | D:4      | Found a staircase to the Ecumenical Temple.
  3547 | D:4      | Reached XP level 6. HP: 21/56 MP: 6/6
  3551 | D:4      | Killed a necrophage
  3551 | D:4      | Reached * piety under Beogh
  3552 | D:4      | Reached skill level 5 in Armour
  3931 | D:4      | Found a sacrificial altar of Ru.
  4042 | D:4      | Killed from afar by an orc priest

Illustrated notes

Levels and vault maps discovered:
D:1:      dpeg_arrival_rhombus, layout_basic,
          shapermc_ecumenical_altar_flowoftime, serial_shops,
          nicolae_shop_stone, nicolae_shop_trees, shop, shop,
          nicolae_shop_window_shopping
D:2:      layout_basic, minivault_27, minmay_misc_feat_more_columns
D:3:      layout_basic, okawaru_metal_pillars_1_2, serial_shops, shop,
          nicolae_shop_trees, nicolae_lakefront_shop, grunt_ministairs_8,
          hangedman_decor_peaks_small, minmay_lizard_king
D:4:      layout_basic, mainiacjoe_overflow_six_doors_small,
          minmay_temple_entry_statues_pillars

Skill      XL: |  1  2  3  4  5  6 |
---------------+-------------------+-----
Fighting       | 4 5 |  5.8
Long Blades    | 3 4 |  4.6
Armour         | 4 5 |  5.3
Shields        | |  3.2

Action                   |  1- 3 |  4- 6 || total
-------------------------+-------+-------++-------
Melee: Long sword        |   110 |   153 ||   263
Invok: Convert to Beogh  |       |     1 ||     1
  Use: Scroll            |       |     2 ||     2
       Potion            |       |     1 ||     1
Armor: Scale mail        |    22 |    62 ||    84
       Leather armour    |    28 |     3 ||    31
Dodge: Dodged            |    41 |    41 ||    82
Block: Kite shield       |    67 |    73 ||   140
       Rpst.: Long sword |     7 |     7 ||    14

Table legend: (Time is in decaauts)
 A = Elapsed time spent in this place.
 B = Non-inter-level travel time spent in this place.
 C = Inter-level travel time spent in this place.
 D = Time resting spent in this place.
 E = Time spent auto-exploring this place.
 F = Levels seen in this place.
 G = Mean time per level.
                   A        B        C        D        E       F      G
               +--------+--------+--------+--------+--------+-----+--------+
         Total |   4165 |   3730 |    435 |    596 |   2335 |   4 | 1041.2 |
       Dungeon |   4165 |   3730 |    435 |    596 |   2335 |   4 | 1041.2 |
               +--------+--------+--------+--------+--------+-----+--------+

Top non-repeatable levels by time:
     D:1: 1441 daAuts
     D:2: 1230 daAuts
     D:3: 895 daAuts
     D:4: 598 daAuts
